 Dungeon Crawl Stone Soup version 0.29.1-15-g9cfb28693d (webtiles) character file.

Game seed: 5177545860390667785

44 Kattur the Shield-Bearer (level 3, -3/23 HPs)
             Began as a Gargoyle Fighter on Mar 29, 2023.
             Slain by Terence
             ... wielding a +0 mace
              (7 damage)
             ... on level 2 of the Dungeon.
             The game lasted 00:02:54 (1241 turns).

Kattur the Shield-Bearer (Gargoyle Fighter)         Turns: 1241, Time: 00:02:55

Health: -3/23      AC: 10    Str: 19    XL:     3   Next: 62%
Magic:  3/3        EV:  9    Int:  8    God:
Gold:   116        SH:  4    Dex: 11    Spells: 2/2 levels left

rFire   . . .      SeeInvis .   a - +0 flail
rCold   . . .      Faith    .   c - +0 buckler
rNeg    + . .      Spirit   .   b - +0 scale mail
rPois   ∞          Reflect  .   (no helmet)
rElec   +          Harm     .   (no cloak)
rCorr   .          Rampage  .   (no gloves)
Will    .....                   (no boots)
Stlth   ..........              (no amulet)
HPRegen 0.07/turn               (no ring)
MPRegen 0.08/turn               (no ring)

@: no status effects
A: sickness immunity, AC +3, negative energy resistance 1, electricity
resistance, torment resistance 1, petrification resistance
a: no special abilities


You were on level 2 of the Dungeon.
You visited 1 branch of the dungeon, and saw 2 of its levels.

You collected 116 gold pieces.

Inventory:

Hand Weapons
 a - a +0 flail (weapon)
Missiles
 e - 8 poisoned darts (quivered)
Armour
 b - a +0 scale mail (worn)
 c - a +0 buckler (worn)
Scrolls
 g - a scroll of immolation {unknown}
 j - a scroll of identify {unknown}
 k - 2 scrolls of enchant armour {unknown}
 l - a scroll of blinking {unknown}
 n - a scroll of poison {unknown}
Potions
 d - a potion of might
 f - a potion of brilliance {unknown}
 h - a potion of curing
 i - a potion of cancellation {unknown}
 m - a potion of flight {unknown}


   Skills:
 + Level 3.5 Fighting
 * Level 2.6 Maces & Flails
 + Level 3.6 Armour
 + Level 0.5 Dodging
 + Level 3.8 Shields


You had 2 spell levels left.
You didn't know any spells.
Your spell library was empty.

Dungeon Overview and Level Annotations

Branches:
Dungeon (2/15)

Altars:
Ru

Annotations:
D:2 Terence


Innate Abilities, Weirdness & Mutations

You are immune to sickness and miasma.
Your stone body is resilient. (AC +3)
You are immune to poison.
You resist negative energy. (rN+)
You are resistant to electric shocks. (rElec)
You are resistant to unholy torment.
You are immune to petrification.


Message History

Terence is lightly wounded.
Terence hits you with a +0 mace.
You completely miss Terence.
Terence is lightly wounded.
Terence hits you with a +0 mace. Terence closely misses you.
You thump Terence!
Terence is heavily wounded.
Terence hits you with a +0 mace.
You hit Terence.
Terence is severely wounded.
Terence drinks a potion.
Terence is healed!
You closely miss Terence.
Terence is lightly wounded.
Terence hits you but does no damage. You block Terence's attack.
You sock Terence!
Terence is severely wounded.
Terence drinks a potion.
Terence is healed!
You barely miss Terence.
Terence is moderately wounded.
Terence hits you with a +0 mace.
You hit Terence but do no damage.
Terence is moderately wounded.
Terence hits you but does no damage.
You hit Terence but do no damage.
Terence is moderately wounded.
Terence hits you but does no damage. Terence hits you with a +0 mace.
You closely miss Terence.
Terence is moderately wounded.
Terence misses you.
You hit Terence.
Terence is moderately wounded.
Terence hits you with a +0 mace.
You hit Terence but do no damage.
Terence is moderately wounded.
Terence hits you with a +0 mace. x2
* * * LOW HITPOINT WARNING * * *
You hit Terence but do no damage.
Terence is moderately wounded.
Terence hits you with a +0 mace!
You die...

###.....##.#
...>#...#.#
#...####.#
##.#.#.#
#..## #.#
##..#.'.# #..
#.
#####._.#####
#.#
#.#.'.#..##
.. #..#.#.##
##.. #.#..P#
.... #..##8#
..# #P..@P#
#.. ####@'#
.....
........
...##......
### ##..
...... ...
##. ......
### #. ......


You could see Terence.

Vanquished Creatures
  An adder (D:2)
  2 worms (D:2)
  2 endoplasms (D:1)
  3 giant cockroaches (D:2)
  3 goblins
  3 hobgoblins
  A jackal (D:2)
  A quokka (D:2)
  4 ball pythons
  3 bats (D:2)
  3 frilled lizards
  A kobold (D:2)
  A rat (D:2)
28 creatures vanquished.

Notes
Turn   | Place    | Note
-------+----------+-------------------------------------------
     0 | D:1      | Kattur the Gargoyle Fighter began the quest for the Orb.
     0 | D:1      | Reached XP level 1. HP: 14/14 MP: 1/1
   341 | D:1      | Reached XP level 2. HP: 17/19 MP: 2/2
   867 | D:2      | Reached XP level 3. HP: 15/23 MP: 3/3
  1194 | D:2      | Found a faded altar of an unknown god.
  1209 | D:2      | Prayed at the altar of an unknown god.
  1209 | D:2      | Became a worshipper of Ru the Awakened
  1210 | D:2      | Fell from the grace of Ru
  1224 | D:2      | Noticed Terence
  1241 | D:2      | Slain by Terence

Illustrated notes

Levels and vault maps discovered:
D:1:      spicycebolla_arrival_clurvy, layout_loops_ring
D:2:      minmay_angry_zag, layout_rooms, shapermc_ecumenical_altar_ellora,
          minmay_misc_feat_roman, uniq_terence

Action                   || total
-------------------------++-------
Melee: Flail             ||   105
Invok: Renounce Religion ||     1
Armor: Scale mail        ||    51
Dodge: Dodged            ||    36
Block: Buckler           ||    25
